[ AOE2 MATCH · #505439039 ]
UnrankedLithuanians vs Berbers
Player's team · LOSS
Rival team · WIN
[ REPLAY ANALYSIS · EXTRACTED FROM THE RECORDED GAME ]
Feudal
9:15
Castle
22:11
Imperial
—
| APM avg | 77.4 |
| APM peak | 131 |
| eAPM avg | 43.1 |
| Villagers / military | 48 / 27 |
Focus
⚔️ 49.5% · 🌾 50.5%
Spearman ×14 · Skirmisher ×13
Feudal
9:16
Castle
24:55
Imperial
—
| APM avg | 55.9 |
| APM peak | 90 |
| eAPM avg | 24.2 |
| Villagers / military | 62 / 18 |
Focus
⚔️ 23.2% · 🌾 76.8%
Scout Cavalry ×11 · Knight ×4 · Camel Archer ×2 · Spearman ×1
Match map
Initial resources + every placement click. Lines = walls · curves = elevation contours. ◆ gold · ⬟ stone · ● berries · ✦ relic · ◌ wall gap
Your base· Open — opponent sealed themselves in
Voi47_'s base· ✓ Closed at 24:55 · 48t walls · no gate
Smoothed initial terrain · ◌ = detected wall gap · hover for details
Inputs per minute
— Iam_SoBad - - Voi47_
Build order — Iam_SoBad
First 150 of 153 actions detected
| 0:00 | Queue | Villager (Male) |
| 0:00 | Queue | Villager (Male) |
| 0:01 | Queue | Villager (Male) |
| 0:01 | Queue | Villager (Male) |
| 0:02 | Build | House |
| 0:03 | Build | House |
| 0:09 | Queue | Villager (Male) |
| 0:09 | Queue | Villager (Male) |
| 1:23 | Queue | Villager (Male) |
| 1:23 | Queue | Villager (Male) |
| 1:53 | Build | Lumber Camp |
| 1:58 | Queue | Villager (Male) |
| 2:19 | Queue | Villager (Male) |
| 2:44 | Queue | Villager (Male) |
| 3:11 | Queue | Villager (Male) |
| 3:26 | Build | House |
| 3:54 | Queue | Villager (Male) |
| 4:44 | Build | Mill |
| 4:47 | Queue | Villager (Male) |
| 5:05 | Queue | Villager (Male) |
| 5:24 | Queue | Villager (Male) |
| 5:28 | Build | Palisade Wall |
| 5:30 | Build | Palisade Wall |
| 5:31 | Build | Palisade Wall |
| 5:38 | Queue | Villager (Male) |
| 5:38 | Research | Loom |
| 6:55 | Research | Feudal Age |
| 6:55 | Research | Feudal Age |
| 7:31 | Queue | Villager (Male) |
| 8:03 | Build | Barracks |
| 8:17 | Build | House |
| 8:56 | Build | House |
| 9:15 | Age | Feudal Age |
| 9:17 | Build | Archery Range |
| 9:19 | Research | Double-Bit Axe |
| 9:19 | Queue | Villager (Male) |
| 9:24 | Queue | Spearman |
| 9:39 | Queue | Spearman |
| 9:46 | Queue | Skirmisher |
| 9:46 | Queue | Skirmisher |
| 9:53 | Build | Watch Tower |
| 10:07 | Queue | Villager (Male) |
| 10:09 | Queue | Villager (Male) |
| 10:12 | Build | House |
| 10:16 | Queue | Skirmisher |
| 10:31 | Build | Watch Tower |
| 10:42 | Queue | Skirmisher |
| 10:42 | Queue | Skirmisher |
| 10:48 | Queue | Villager (Male) |
| 11:01 | Queue | Spearman |
| 11:40 | Queue | Villager (Male) |
| 11:45 | Build | Blacksmith |
| 11:53 | Queue | Skirmisher |
| 11:54 | Queue | Spearman |
| 12:00 | Build | House |
| 12:11 | Build | Mill |
| 12:34 | Queue | Villager (Male) |
| 12:55 | Queue | Villager (Male) |
| 12:57 | Build | Farm |
| 13:02 | Build | Mining Camp |
| 13:06 | Build | Farm |
| 13:13 | Queue | Villager (Male) |
| 13:21 | Build | House |
| 13:39 | Research | Fletching |
| 13:39 | Research | Fletching |
| 13:39 | Queue | Villager (Male) |
| 13:39 | Queue | Villager (Male) |
| 13:52 | Queue | Skirmisher |
| 14:00 | Build | Farm |
| 14:18 | Queue | Villager (Male) |
| 14:18 | Queue | Villager (Male) |
| 14:19 | Build | Farm |
| 14:20 | Build | Farm |
| 14:21 | Build | Farm |
| 14:44 | Build | Watch Tower |
| 15:00 | Build | Farm |
| 15:03 | Queue | Villager (Male) |
| 15:04 | Queue | Villager (Male) |
| 15:14 | Build | Farm |
| 15:25 | Build | House |
| 15:31 | Build | Stone Wall |
| 15:32 | Build | Stone Wall |
| 15:32 | Build | Stone Wall |
| 15:47 | Build | Mining Camp |
| 15:54 | Queue | Villager (Male) |
| 15:58 | Build | Mining Camp |
| 16:08 | Queue | Villager (Male) |
| 16:18 | Build | Farm |
| 16:21 | Build | Farm |
| 16:24 | Build | Farm |
| 16:26 | Queue | Villager (Male) |
| 16:31 | Queue | Villager (Male) |
| 16:36 | Build | House |
| 16:38 | Build | Palisade Wall |
| 16:51 | Build | House |
| 16:52 | Build | Palisade Wall |
| 16:57 | Build | Farm |
| 17:04 | Queue | Villager (Male) |
| 17:09 | Queue | Villager (Male) |
| 17:17 | Build | Farm |
| 17:31 | Build | Farm |
| 18:25 | Build | Market |
| 18:52 | Build | Farm |
| 18:57 | Build | Palisade Wall |
| 19:00 | Build | Palisade Wall |
| 19:04 | Build | House |
| 19:05 | Build | Palisade Wall |
| 19:16 | Build | House |
| 19:31 | Research | Castle Age |
| 19:31 | Research | Castle Age |
| 19:51 | Build | Palisade Wall |
| 19:52 | Build | Palisade Wall |
| 19:54 | Build | Palisade Wall |
| 21:01 | Queue | Spearman |
| 21:02 | Queue | Spearman |
| 21:09 | Build | House |
| 21:10 | Build | Palisade Wall |
| 21:12 | Build | Palisade Wall |
| 21:22 | Queue | Spearman |
| 21:30 | Queue | Villager (Male) |
| 21:55 | Queue | Skirmisher |
| 22:00 | Build | Lumber Camp |
| 22:10 | Queue | Skirmisher |
| 22:11 | Age | Castle Age |
| 22:17 | Queue | Villager (Male) |
| 22:19 | Queue | Villager (Male) |
| 22:27 | Research | Bodkin Arrow |
| 22:27 | Research | Bodkin Arrow |
| 22:30 | Queue | Spearman |
| 22:45 | Research | Elite Skirmisher (upgrade) |
| 22:46 | Research | Elite Skirmisher (upgrade) |
| 22:53 | Queue | Villager (Male) |
| 23:18 | Queue | Skirmisher |
| 23:46 | Research | Padded Archer Armor |
| 23:47 | Research | Padded Archer Armor |
| 23:47 | Queue | Skirmisher |
| 23:56 | Queue | Villager (Male) |
| 23:56 | Queue | Villager (Male) |
| 24:00 | Queue | Villager (Male) |
| 24:25 | Queue | Skirmisher |
| 24:34 | Build | University |
| 24:44 | Queue | Villager (Male) |
| 25:03 | Build | Farm |
| 25:06 | Queue | Skirmisher |
| 25:08 | Queue | Spearman |
| 25:09 | Queue | Spearman |
| 25:27 | Queue | Villager (Male) |
| 25:59 | Queue | Spearman |
| 25:59 | Queue | Spearman |
| 26:08 | Research | Ballistics |
Build order — Voi47_
First 150 of 166 actions detected
| 0:01 | Queue | Villager (Male) |
| 0:01 | Queue | Villager (Male) |
| 0:02 | Build | House |
| 0:04 | Build | House |
| 0:19 | Queue | Villager (Male) |
| 0:27 | Queue | Villager (Male) |
| 0:27 | Queue | Villager (Male) |
| 1:28 | Queue | Villager (Male) |
| 1:59 | Build | Lumber Camp |
| 2:00 | Queue | Villager (Male) |
| 2:01 | Queue | Villager (Male) |
| 2:16 | Queue | Villager (Male) |
| 2:44 | Queue | Villager (Male) |
| 3:02 | Build | House |
| 3:10 | Queue | Villager (Male) |
| 3:10 | Queue | Villager (Male) |
| 3:33 | Queue | Villager (Male) |
| 3:49 | Queue | Villager (Male) |
| 3:49 | Queue | Villager (Male) |
| 4:04 | Build | Mill |
| 4:26 | Queue | Villager (Male) |
| 4:26 | Queue | Villager (Male) |
| 4:53 | Queue | Villager (Male) |
| 4:53 | Queue | Villager (Male) |
| 4:53 | Queue | Villager (Male) |
| 5:23 | Queue | Villager (Male) |
| 5:23 | Queue | Villager (Male) |
| 5:34 | Research | Loom |
| 5:43 | Queue | Villager (Male) |
| 5:46 | Research | Loom |
| 6:55 | Research | Feudal Age |
| 7:11 | Build | Barracks |
| 7:56 | Build | Palisade Wall |
| 8:01 | Build | House |
| 8:10 | Queue | Villager (Male) |
| 8:43 | Build | Palisade Wall |
| 8:45 | Build | Palisade Wall |
| 9:07 | Build | Palisade Wall |
| 9:16 | Age | Feudal Age |
| 9:17 | Build | Stable |
| 9:21 | Build | House |
| 9:23 | Queue | Spearman |
| 9:34 | Queue | Villager (Male) |
| 9:36 | Research | Double-Bit Axe |
| 9:45 | Build | Palisade Wall |
| 9:46 | Build | Palisade Wall |
| 9:54 | Build | Watch Tower |
| 9:55 | Queue | Scout Cavalry |
| 9:55 | Queue | Scout Cavalry |
| 10:00 | Queue | Villager (Male) |
| 10:14 | Build | Farm |
| 10:25 | Build | Palisade Wall |
| 10:29 | Queue | Villager (Male) |
| 10:29 | Queue | Villager (Male) |
| 10:45 | Build | Watch Tower |
| 10:50 | Build | House |
| 10:58 | Queue | Villager (Male) |
| 11:04 | Build | Palisade Wall |
| 11:10 | Build | Palisade Wall |
| 11:31 | Queue | Villager (Male) |
| 11:36 | Build | Farm |
| 11:52 | Queue | Villager (Male) |
| 11:52 | Queue | Villager (Male) |
| 11:54 | Build | Palisade Wall |
| 12:01 | Build | Mining Camp |
| 12:09 | Build | House |
| 12:11 | Queue | Villager (Male) |
| 12:12 | Queue | Villager (Male) |
| 12:20 | Build | Farm |
| 12:31 | Build | Stone Wall |
| 12:40 | Queue | Villager (Male) |
| 12:56 | Queue | Villager (Male) |
| 13:07 | Build | Stone Wall |
| 13:13 | Queue | Villager (Male) |
| 13:41 | Queue | Villager (Male) |
| 13:45 | Build | Farm |
| 13:46 | Build | Farm |
| 14:05 | Build | Watch Tower |
| 14:16 | Build | Palisade Wall |
| 14:19 | Queue | Villager (Male) |
| 14:19 | Queue | Villager (Male) |
| 14:34 | Build | Mill |
| 14:41 | Build | Farm |
| 14:55 | Build | Mill |
| 15:01 | Queue | Scout Cavalry |
| 15:02 | Queue | Scout Cavalry |
| 15:17 | Build | Lumber Camp |
| 15:28 | Queue | Villager (Male) |
| 15:41 | Build | House |
| 15:42 | Queue | Villager (Male) |
| 15:51 | Build | House |
| 15:54 | Queue | Villager (Male) |
| 16:05 | Queue | Villager (Male) |
| 16:09 | Build | House |
| 16:21 | Queue | Scout Cavalry |
| 16:21 | Queue | Scout Cavalry |
| 16:22 | Queue | Villager (Male) |
| 16:30 | Build | Farm |
| 16:31 | Build | Farm |
| 16:32 | Queue | Villager (Male) |
| 16:35 | Build | House |
| 16:50 | Queue | Scout Cavalry |
| 16:50 | Queue | Scout Cavalry |
| 17:12 | Build | Farm |
| 17:14 | Build | Farm |
| 17:25 | Build | Mining Camp |
| 17:25 | Queue | Villager (Male) |
| 17:41 | Build | Outpost |
| 17:53 | Queue | Villager (Male) |
| 18:14 | Queue | Scout Cavalry |
| 18:14 | Queue | Scout Cavalry |
| 18:21 | Build | Blacksmith |
| 18:48 | Queue | Villager (Male) |
| 18:52 | Queue | Villager (Male) |
| 18:55 | Build | Farm |
| 18:56 | Build | Farm |
| 18:59 | Research | Forging |
| 18:59 | Research | Forging |
| 19:19 | Build | Farm |
| 19:22 | Build | Farm |
| 19:29 | Queue | Villager (Male) |
| 20:05 | Build | House |
| 20:05 | Queue | Villager (Male) |
| 20:17 | Queue | Scout Cavalry |
| 20:36 | Queue | Villager (Male) |
| 20:38 | Build | House |
| 20:40 | Build | Market |
| 21:08 | Build | Farm |
| 21:26 | Build | Farm |
| 21:40 | Build | Farm |
| 22:15 | Research | Castle Age |
| 22:16 | Research | Castle Age |
| 22:35 | Build | Watch Tower |
| 23:04 | Build | Farm |
| 23:04 | Build | Farm |
| 23:41 | Research | Bloodlines |
| 23:41 | Research | Bloodlines |
| 23:42 | Research | Scale Barding Armor |
| 23:42 | Research | Scale Barding Armor |
| 23:43 | Queue | Villager (Male) |
| 24:02 | Build | House |
| 24:10 | Build | House |
| 24:14 | Build | House |
| 24:42 | Queue | Villager (Male) |
| 24:55 | Age | Castle Age |
| 24:57 | Queue | Knight |
| 24:57 | Queue | Knight |
| 25:01 | Queue | Villager (Male) |
| 25:07 | Build | Castle |
| 25:24 | Build | Town Center |
Match timeline
| 5:28 | Iam_SoBad · wall_segment Palisade Wall x1 |
| 5:30 | Iam_SoBad · wall_segment Palisade Wall x1 |
| 5:31 | Iam_SoBad · wall_segment Palisade Wall x1 |
| 7:11 | Voi47_ · first_building Barracks |
| 7:56 | Voi47_ · wall_segment Palisade Wall x4 |
| 8:03 | Iam_SoBad · first_building Barracks |
| 8:43 | Voi47_ · wall_segment Palisade Wall x5 |
| 8:45 | Voi47_ · wall_segment Palisade Wall x6 |
| 9:07 | Voi47_ · wall_segment Palisade Wall x8 |
| 9:15 | Iam_SoBad · age_up feudal |
| 9:16 | Voi47_ · age_up feudal |
| 9:17 | Voi47_ · first_building Stable |
| 9:17 | Iam_SoBad · first_building Archery Range |
| 9:45 | Voi47_ · wall_segment Palisade Wall x1 |
| 9:46 | Voi47_ · wall_segment Palisade Wall x1 |
| 10:25 | Voi47_ · wall_segment Palisade Wall x1 |
| 11:04 | Voi47_ · wall_segment Palisade Wall x8 |
| 11:10 | Voi47_ · wall_segment Palisade Wall x7 |
| 11:54 | Voi47_ · wall_segment Palisade Wall x1 |
| 12:31 | Voi47_ · wall_segment Stone Wall x3 |
| 13:07 | Voi47_ · wall_segment Stone Wall x3 |
| 14:16 | Voi47_ · wall_segment Palisade Wall x1 |
| 15:31 | Iam_SoBad · wall_segment Stone Wall x1 |
| 15:32 | Iam_SoBad · wall_segment Stone Wall x1 |
| 15:32 | Iam_SoBad · wall_segment Stone Wall x1 |
| 16:38 | Iam_SoBad · wall_segment Palisade Wall x4 |
| 16:52 | Iam_SoBad · wall_segment Palisade Wall x1 |
| 18:57 | Iam_SoBad · wall_segment Palisade Wall x1 |
| 19:00 | Iam_SoBad · wall_segment Palisade Wall x1 |
| 19:05 | Iam_SoBad · wall_segment Palisade Wall x3 |
| 19:30 | Iam_SoBad · first_market_buy 100 food |
| 19:51 | Iam_SoBad · wall_segment Palisade Wall x1 |
| 19:52 | Iam_SoBad · wall_segment Palisade Wall x1 |
| 19:54 | Iam_SoBad · wall_segment Palisade Wall x1 |
| 21:10 | Iam_SoBad · wall_segment Palisade Wall x1 |
| 21:12 | Iam_SoBad · wall_segment Palisade Wall x1 |
| 21:20 | Voi47_ · first_market_buy 100 food |
| 22:11 | Iam_SoBad · age_up castle |
| 24:55 | Voi47_ · age_up castle |
| 25:07 | Voi47_ · first_building Castle |
| 27:03 | Iam_SoBad · resign |
[ AI ANALYSIS · 1 CREDIT ]
What really happened in this match?
Wolo.gg analyzes every decision: build order, eco, micro, common mistakes by bracket. Personalized analysis on WhatsApp or Discord in 30 seconds.
Civ guide
Lithuanians
Perfil
Jugador #9145390